 Dungeon Crawl Stone Soup version 0.17-a0-737-gf0a300a (webtiles) character file.

60 Ngotmuk the Shield-Bearer (level 3, -8/34 HPs)
             Began as a Deep Dwarf Fighter on Apr 28, 2015.
             Killed by divine providence
             ... invoked by an orc priest
              (14 damage)
             ... on level 3 of the Dungeon.
             The game lasted 00:03:36 (1079 turns).

Ngotmuk the Shield-Bearer (Deep Dwarf Fighter)      Turns: 1079, Time: 00:03:36

Health: -8/34      AC:  6    Str: 20    XL:     3   Next: 82%
Magic:  3/3        EV:  8    Int:  8    God:
Gold:   153        SH: 10    Dex: 17    Spells: 0 memorised, 2 levels left

rFire  . . .     SeeInvis .     a - +0 war axe
rCold  . . .     Clarity  .     b - +0 scale mail
rNeg   + . .     SustAb   .     c - +0 shield
rPois  .         Gourm    .     (no helmet)
rElec  .         Spirit   .     (no cloak)
rCorr  .         Warding  +     (no gloves)
rMut   .         Stasis   .     (no boots)
MR     .....                    m - amulet of warding
Stlth  ..........               (no ring)
                                p - +5 ring of dexterity

@: non-regenerating, not resistant to hostile enchantments, extremely unstealthy
A: damage resistance, recharge devices, sense surroundings 1, slow healing 3
a: Device Recharging


You were on level 3 of the Dungeon.
You were not hungry.

You visited 1 branch of the dungeon, and saw 3 of its levels.

You collected 153 gold pieces.

Inventory:

Hand weapons
 a - a +0 war axe (weapon)
Armour
 b - a +0 scale mail (worn)
 c - a +0 shield (worn)
Jewellery
 m - an amulet of warding (around neck)
 p - a +5 ring of dexterity (left hand)
Magical devices
 e - a wand of heal wounds (5)
Scrolls
 i - a scroll of noise {unknown}
 l - a scroll of enchant weapon {unknown}
 n - 3 scrolls of identify {unknown}
 o - a scroll of amnesia {unknown}
 q - a scroll of fog {unknown}
 s - a scroll of blinking {unknown}
Potions
 d - a potion of might
 h - 4 potions of curing {unknown}
 j - a potion of magic {unknown}
 k - a potion of heal wounds {unknown}
 r - a potion of cancellation {unknown}
 t - a potion of degeneration {unknown}
Comestibles
 f - 2 bread rations
 g - 2 meat rations


   Skills:
 + Level 3.1 Fighting
 + Level 2.8 Axes
 + Level 3.6 Armour
 + Level 1.4 Dodging
 + Level 3.8 Shields


You had 2 spell levels left.
You didn't know any spells.

Dungeon Overview and Level Annotations

Branches:
Dungeon (3/15)

Altars:
Dithmenos
Qazlal
Yredelemnul


Innate Abilities, Weirdness & Mutations

You are resistant to damage.
You can recharge devices by infusing magical energy.
You passively map a small area around you.
You do not heal naturally.


Message History

The orc priest invokes the aid of Beogh against you.
Something smites you!
* * * LOW HITPOINT WARNING * * *
The orc barely misses you.
You hear a shout! x3
You slash the orc priest!
The orc priest is heavily wounded.
You closely miss the orc. You block the orc priest's attack. The orc hits you.
* * * LOW HITPOINT WARNING * * *
A giant cockroach and an orc come into view.
You hit the orc priest but do no damage.
The orc priest is heavily wounded.
You hit the orc.
The orc is heavily wounded.
The orc hits you.
* * * LOW HITPOINT WARNING * * *
You block the orc's attack.
The orc priest mumbles some strange prayers to Beogh against you.
Something smites you!
You die...

* * , # #.##
* , , ,#...,
, ##.#.#
#.###.<..# *
, #rs..o#o.#
*
*##.@o######
,
#.........#
*
*#.#######.#
, #.# #.#
#...#####.#
#.#
#........#
#.########
########.#
#.†......#
#.#
#[######.#
#.#######.#
#.#


You could see an orc priest, 2 orcs, a giant cockroach and a rat (wandering).

Vanquished Creatures
  An adder (D:2)
  An ooze (D:1)
  2 worms (D:2)
  4 giant geckos
  A ball python (D:2)
  3 giant cockroaches (D:1)
  2 goblins (D:1)
  5 hobgoblins
  A quokka (D:2)
  10 bats
  3 giant newts
  4 kobolds
  5 rats
42 creatures vanquished.

Notes
Turn   | Place    | Note
--------------------------------------------------------------
     0 | D:1      | Ngotmuk, the Deep Dwarf Fighter, began the quest for the Orb.
     0 | D:1      | Reached XP level 1. HP: 20/20 MP: 1/1
    80 | D:1      | Reached XP level 2. HP: 21/27 MP: 2/2
   296 | D:1      | Reached skill level 1 in Dodging
   473 | D:1      | Reached XP level 3. HP: 25/33 MP: 3/3
   522 | D:2      | Found a stormy altar of Qazlal.
   611 | D:2      | Found a shadowy altar of Dithmenos.
   896 | D:2      | Found a basalt altar of Yredelemnul.
  1079 | D:3      | Killed from afar by an orc priest

Action                   || total
-------------------------++-------
Melee: War axe           ||   126
  Eat: Bread ration      ||     1
